 Dungeon Crawl Stone Soup version 0.31-a0-841-g038b102fc3 (webtiles) character file.

Game seed: 4608050791226819131

347 snarfax the Covered (level 6, -4/51 HPs)
             Began as a Hill Orc Fighter on Sept 27, 2023.
             Was a Believer of Elyvilon.
             Splashed by a jelly's acid (11 damage)
             ... on level 5 of the Dungeon.
             The game lasted 00:05:44 (3278 turns).

snarfax the Covered (Hill Orc Fighter)              Turns: 3278, Time: 00:05:45

Health: -4/51      AC:  3    Str: 21    XL:     6   Next: 59%
Magic:  6/6        EV:  8    Int:  8    God:    Elyvilon [**....]
Gold:   157        SH:  4    Dex: 10    Spells: 5/5 levels left

rFire   . . .        a - +0 war axe
rCold   . . .        c - +0 buckler
rNeg    . . .        i - +0 chain mail
rPois   .            (no helmet)
rElec   .            e - +0 cloak
rCorr   .            (no gloves)
SInv    .            (no boots)
Will    .....        (no amulet) Stlth
                     (no ring)
HPRegen 0.28/turn    (no ring)
MPRegen 0.10/turn

%: no passive effects
@: mighty, weakened, corroded
A: no striking features
a: Renounce Religion, Purification, Heal Other


You were on level 5 of the Dungeon.
You worshipped Elyvilon.
Elyvilon was pleased with you.
You visited 1 branch of the dungeon, and saw 5 of its levels.

You collected 157 gold pieces.

Inventory:

Hand Weapons
 a - a +0 war axe (weapon)
Missiles
 p - 4 poisoned darts (quivered)
 x - 5 darts of dispersal
Armour
 b - a +0 scale mail
 c - a +0 buckler (worn)
 e - a +0 cloak (worn)
 i - a +0 chain mail (worn)
Jewellery
 o - an amulet of magic regeneration
Wands
 l - a wand of flame (27)
 w - a wand of mindburst (15)
Scrolls
 j - 2 scrolls of teleportation {unknown}
 n - a scroll of noise {unknown}
 q - a scroll of fog {unknown}
 s - a scroll of poison
 u - a scroll of silence {unknown}
 v - a scroll of vulnerability {unknown}
Potions
 d - 2 potions of might
 f - 2 potions of attraction {unknown}
 g - a potion of curing {unknown}
 h - 2 potions of heal wounds {unknown}
 k - 2 potions of brilliance {unknown}
 m - a potion of berserk rage {unknown}
 r - a potion of degeneration {unknown}
 t - a potion of magic {unknown}


   Skills:
 - Level 3.6 Fighting
 + Level 5.0 Axes
 * Level 6.0 Armour
 + Level 4.8 Shields


You had 5 spell levels left.
You didn't know any spells.
Your spell library was empty.

Dungeon Overview and Level Annotations

Branches:
Dungeon (5/15)
 Temple: D:4-7

Altars:
Cheibriados
Elyvilon
Yredelemnul


Message History

The gnoll bouda hits you with a +0 whip.
You hit the gnoll bouda.
The gnoll bouda is lightly wounded.
The gnoll bouda gazes fiercely through you!
You feel your attacks grow feeble.
The gnoll bouda hits you but does no damage.
The gnoll bouda hits you with a +0 whip.
You hit the gnoll bouda.
The gnoll bouda is lightly wounded.
The gnoll bouda hits you with a +0 whip!
You barely miss the gnoll bouda.
The gnoll bouda is lightly wounded.
The gnoll bouda hits you but does no damage.
You hit the gnoll bouda.
The gnoll bouda is heavily wounded.
The gnoll bouda hits you with a +0 whip.
You hit the gnoll bouda.
The gnoll bouda is heavily wounded.
The gnoll bouda hits you with a +0 whip!
The gnoll bouda closely misses you.
You closely miss the gnoll bouda.
The gnoll bouda is heavily wounded.
You hit the jelly. The acid corrodes you!
Your hands burn!
The jelly hits you but does no damage.
The gnoll bouda gazes fiercely through you!
You feel as though you will be weak longer.
The gnoll bouda closely misses you.
You barely miss the gnoll bouda.
The gnoll bouda is heavily wounded.
You hit the jelly.
Your hands burn!
The jelly hits you but does no damage.
The gnoll bouda gazes fiercely through you!
You feel as though you will be weak longer.
The gnoll bouda hits you with a +0 whip!
* * * LOW HITPOINT WARNING * * *
You feel very mighty all of a sudden.
The jelly jiggles.
The jelly hits you.
* * * LOW HITPOINT WARNING * * *
The acid corrodes you!
You are splashed with acid!
You die...

... ...#.#...
#.##########
.......###......#....
....................
#.#..# #............
#....# #............
#....# #.(.....<.)..
#.###.Jg.# #............
#.....)@.# #............
##....)..####..)........
#...#...##...)....#....
#..........####...#####
#....##..###......#
#...# ##.# #.##..)# #..#
#.# # #...# .... #..
#....# ... ###. #....#


You could see a gnoll bouda and a jelly.

Vanquished Creatures
  A scorpion (D:4)
  An orc priest (D:3)
  Ijyb (D:2)
  A scorpion zombie (D:4)
  3 hound zombies (D:4)
  7 gnolls
  2 adders
  2 worms (D:4)
  A dart slug (D:3)
  5 orcs
  7 ball pythons
  5 endoplasms
  4 giant cockroaches
  11 goblins
  3 hobgoblins
  7 kobolds
  4 quokkas
  A bat (D:2)
  2 frilled lizards (D:1)
  6 rats
74 creatures vanquished.

Notes
Turn   | Place    | Note
-------+----------+-------------------------------------------
     0 | D:1      | snarfax the Hill Orc Fighter began the quest for the Orb.
     0 | D:1      | Reached XP level 1. HP: 19/19 MP: 1/1
    22 | D:1      | Found a faded altar of an unknown god.
   120 | D:1      | Reached XP level 2. HP: 26/26 MP: 2/2
   748 | D:2      | Reached XP level 3. HP: 30/31 MP: 3/3
   781 | D:2      | Reached skill level 4 in Armour
  1091 | D:2      | Noticed Ijyb
  1123 | D:2      | Killed Ijyb
  1124 | D:2      | Reached XP level 4. HP: 23/39 MP: 4/4
  1275 | D:2      | Found a white marble altar of Elyvilon.
  1375 | D:2      | Became a worshipper of Elyvilon the Healer
  1598 | D:3      | Found a white marble altar of Elyvilon.
  1932 | D:3      | Reached * piety under Elyvilon
  2029 | D:3      | Reached XP level 5. HP: 45/45 MP: 5/5
  2191 | D:4      | Found a basalt altar of Yredelemnul.
  2199 | D:4      | Reached skill level 5 in Armour
  2305 | D:4      | Reached XP level 6. HP: 46/51 MP: 6/6
  2511 | D:4      | Found a snail-covered altar of Cheibriados.
  3235 | D:5      | Entered Level 5 of the Dungeon
  3236 | D:5      | Reached ** piety under Elyvilon
  3266 | D:5      | Reached skill level 6 in Armour
  3269 | D:5      | Reached skill level 5 in Axes
  3278 | D:5      | Splashed by a jelly's acid

Illustrated notes

Levels and vault maps discovered:
D:1:      dpeg_arrival_erosion, layout_rooms, ebering_ecumenical_altar_abandoned
D:2:      kennysheep_the_goblin_king, layout_basic, basic_altar
D:3:      layout_basic, mainiacjoe_overflow_concentric_impassable
D:4:      layout_cave_pods, cheibrodos_worm_habitat,
          nicolae_yredelemnul_corpse_copse
D:5:      minmay_diamond_boxcup, layout_rooms

Skill      XL: |  1  2  3  4  5  6 |
---------------+-------------------+-----
Axes           | 3 4 5 |  5.0
Armour         | 4 5 6 |  6.0
Shields        | 4 |  4.8
Fighting       | |  3.6

Action                     |  1- 3 |  4- 6 || total
---------------------------+-------+-------++-------
  Melee: War axe           |   126 |   152 ||   278
    Use: Scroll            |     3 |       ||     3
         Potion            |       |     1 ||     1
 Armour: Scale mail        |    26 |       ||    26
         Chain mail        |    63 |   106 ||   169
  Dodge: Dodged            |    46 |    55 ||   101
  Block: Buckler           |    16 |    24 ||    40

Table legend: (Time is in decaauts)
 A = Elapsed time spent in this place.
 B = Non-inter-level travel time spent in this place.
 C = Inter-level travel time spent in this place.
 D = Time resting spent in this place.
 E = Time spent auto-exploring this place.
 F = Levels seen in this place.
 G = Mean time per level.
                   A        B        C        D        E       F      G
               +--------+--------+--------+--------+--------+-----+--------+
         Total |   3386 |   3262 |    124 |    108 |   2484 |   5 |  677.2 |
       Dungeon |   3386 |   3262 |    124 |    108 |   2484 |   5 |  677.2 |
               +--------+--------+--------+--------+--------+-----+--------+

Top non-repeatable levels by time:
     D:4: 1154 daAuts
     D:2: 894 daAuts
     D:1: 701 daAuts
     D:3: 586 daAuts
     D:5: 48 daAuts
